 Dungeon Crawl Stone Soup version 0.23.2-1-ga50397a (webtiles) character file.

Game seed: 494435227391365951

290 IBeShadow the Firebug (level 6, 0/34 HPs)
             Began as a Deep Elf Fire Elementalist on May 30, 2019.
             Slain by an orc wizard
             ... wielding a +0 dagger
              (3 damage)
             ... on level 4 of the Dungeon.
             The game lasted 00:06:23 (4666 turns).

IBeShadow the Firebug (Deep Elf Fire Elementalist)  Turns: 4666, Time: 00:06:24

Health: 0/34       AC:  3    Str:  5    XL:     6   Next: 9%
Magic:  0/14       EV: 13    Int: 22    God:
Gold:   133        SH:  0    Dex: 15    Spells: 3/13 levels left

rFire    . . .     SeeInvis .   e - +0 short sword
rCold    . . .     Gourm    .   (no shield)
rNeg     . . .     Faith    .   a - +0 robe
rPois    .         Spirit   .   (no helmet)
rElec    .         Reflect  .   (no cloak)
rCorr    .         Harm     .   (no gloves)
MR       .....                  (no boots)
Stlth    +++.......             (no amulet)
HPRegen  0.11/turn              n - +1 ring of protection
MPRegen  0.14/turn              (no ring)

@: no status effects
A: no striking features
a: no special abilities


You were on level 4 of the Dungeon.
You were not hungry.

You visited 1 branch of the dungeon, and saw 4 of its levels.

You collected 133 gold pieces.

Inventory:

Hand Weapons
 e - a +0 short sword (weapon)
Armour
 a - a +0 robe (worn)
Jewellery
 n - a +1 ring of protection (left hand)
Wands
 u - a wand of acid (5)
Scrolls
 b - a scroll of fear {unknown}
 d - a scroll of immolation {unknown}
 f - 4 scrolls of identify
 g - a scroll of fog {unknown}
 i - 3 scrolls of teleportation {unknown}
 k - 3 scrolls of magic mapping {unknown}
 m - 4 scrolls of remove curse {unknown}
 q - a scroll of enchant weapon {unknown}
Potions
 c - 2 potions of curing
 h - 2 potions of flight {unknown}
 j - a potion of lignification {unknown}
 l - a potion of haste {unknown}
 p - a potion of might {unknown}
 r - a potion of invisibility {unknown}
 s - a potion of agility {unknown}
 t - a potion of brilliance {unknown}
Comestibles
 o - 4 rations


   Skills:
 + Level 1.5 Fighting
 - Level 2.4 Dodging
 + Level 3.8 Stealth
 + Level 4.4 Spellcasting
 * Level 3.5 Conjurations
 * Level 4.8 Fire Magic


You had 3 spell levels left.
You knew the following spells:

 Your Spells              Type           Power        Failure   Level  Hunger
a - Flame Tongue          Conj/Fire      ###..        1%          1    None
b - Throw Flame           Conj/Fire      ###...       2%          2    #......
c - Conjure Flame         Conj/Fire      ###.....     5%          3    ##.....
d - Sticky Flame          Conj/Fire      ###.....     19%         4    ####...

Your spell library contained the following spells:

 Spells                   Type           Power        Failure   Level  Hunger
 Inner Flame              Hex/Fire       ###.....     12%         3    ##.....
 Fireball                 Conj/Fire      ###.......   45%         5    ######.


Dungeon Overview and Level Annotations

Branches:
Dungeon (4/15)
 Temple: D:4-7

Altars:
Elyvilon
Gozag
Sif Muna


Message History

Casting: Flame Tongue (safe; 1% risk of failure)
Confirm with . or Enter, or press ? or * to list all spells.
Aiming: Flame Tongue (safe; 1% risk of failure)
Press: ? - help, Shift-Dir - straight line, f/p - orc wizard
Aim: an orc wizard, wielding a +0 dagger and wearing a +0 robe (almost dead, fast)
The flame tongue misses the orc wizard.
The orc wizard hits you with a +0 dagger.
The orc wizard gestures at you while chanting.
The magic dart hits you!
* * * LOW HITPOINT WARNING * * *
Unknown command.
Evoke which item? (* to show all) (? for menu, Esc to quit)
Aiming: Corrosive Bolt
Press: ? - help, Shift-Dir - straight line, f - orc, p - orc wizard
Aim: an orc, wielding a -2 club and wearing a +0 ring mail The bolt of acid misses the orc wizard.
The bolt of acid hits the orc!
The orc is splashed with acid.
The acid corrodes the orc!
You kill the orc!
The orc wizard hits you with a +0 dagger.
You die...

##### #######.#.#
#.......#.#####.
#.####.......... #.#
#..######## #.#
#......... #####
#.####.########
#....###########.#....#
##....#.....)..o@.#.####
.o....#.###########.#.
......#%# #.#.
......#.###### #.#.
......)o..>..# #.#.
.....)#.####.#
#.#.#######
##....#.##...####
#.#......[##
#....#.##.#....#
#>#..).)..)#
#....#.##.#.##.#
#.##)#####.#


You could see an orc wizard.

Vanquished Creatures
  A phantom (D:4)
  2 orc wizards (D:4)
  A worker ant (D:4)
  3 adders
  2 worms
  2 dart slugs
  16 orcs
  4 ball pythons
  2 bats
  4 giant cockroaches
  2 goblins (D:3)
  4 hobgoblins
  2 jackals (D:2)
  4 frilled lizards
  9 kobolds
  16 rats
74 creatures vanquished.

Notes
Turn   | Place    | Note
-------+----------+-------------------------------------------
     0 | D:1      | IBeShadow the Deep Elf Fire Elementalist began the quest
                  | for the Orb.
     0 | D:1      | Reached XP level 1. HP: 10/10 MP: 6/6
   416 | D:1      | Reached XP level 2. HP: 15/15 MP: 6/8
   438 | D:1      | Learned a level 2 spell: Throw Flame
  1635 | D:2      | Reached XP level 3. HP: 20/20 MP: 2/10
  2124 | D:2      | Learned a level 3 spell: Conjure Flame
  2135 | D:2      | Found an opulent altar of Gozag.
  2165 | D:2      | Found a deep blue altar of Sif Muna.
  3095 | D:3      | Reached XP level 4. HP: 16/24 MP: 1/11
  3540 | D:3      | Reached skill level 1 in Fighting
  3907 | D:3      | Learned a level 4 spell: Sticky Flame
  4129 | D:3      | You fall through a shaft!
  4130 | D:4      | Noticed a phantom
  4170 | D:4      | Killed a phantom
  4170 | D:4      | Reached XP level 5. HP: 3/29 MP: 0/13
  4514 | D:4      | Found a white marble altar of Elyvilon.
  4654 | D:4      | Reached XP level 6. HP: 17/34 MP: 0/14
  4666 | D:4      | Slain by an orc wizard

Skill      XL: |  1  2  3  4 |
---------------+-------------+-----
Conjurations   | 2 3 |  3.5
Stealth        | 3 |  3.8
Fire Magic     | 4 |  4.8
Fighting       | 1 |  1.5
Spellcasting   | 4 |  4.4
Dodging        | |  2.4

Action                   |  1- 3 |  4- 6 || total
-------------------------+-------+-------++-------
Melee: Unarmed           |    26 |       ||    26
       Short sword       |   103 |    58 ||   161
 Cast: Flame Tongue      |    44 |    32 ||    76
       Throw Flame       |    10 |     6 ||    16
       Conjure Flame     |     2 |     4 ||     6
Evoke: Wand              |       |     5 ||     5
  Use: Scroll            |       |     1 ||     1
 Stab: Sleeping          |     3 |     2 ||     5
  Eat: Chunk             |     4 |     5 ||     9
       Ration            |     1 |       ||     1
Armor: Robe              |    27 |     6 ||    33
Dodge: Dodged            |   114 |    38 ||   152
